 Dungeon Crawl Stone Soup version 0.16-a0-3963-gf3423b3 (console) character file.

104779 Fusha the Unseen (level 15, -8/90 HPs)
             Began as a High Elf Enchanter on Feb 10, 2015.
             Was an Initiate of Gozag.
             Mangled by a red ugly thing (22 damage)
             ... on level 15 of the Dungeon on Feb 11, 2015.
             The game lasted 03:45:38 (34836 turns).

Fusha the Unseen (High Elf Enchanter)              Turns: 34836, Time: 03:45:38

Health: -8/90      AC: 13    Str:  5    XL:     15   Next: 92%
Magic:  35/47      EV: 19    Int: 25    God:    Gozag
Gold:   9834       SH:  6    Dex: 21    Spells: 14 memorised, 1 level left

rFire  . . .     SeeInvis +     a - +9 dagger (drain)
rCold  + . .     Clarity  .     U - +2 troll leather armour {rC+}
rNeg   . . .     SustAb   .     q - +0 buckler
rPois  .         Gourm    .     z - +2 hat {SInv}
rElec  .         Spirit   .     J - +0 cloak
rCorr  .         Warding  .     x - +1 pair of gloves {Dex+3}
rMut   .         Stasis   .     (no boots)
MR     +....                    N - amulet of regeneration
Stlth  +++++++...               k - ring of magical power
                                b - ring of teleport control

@: somewhat resistant to hostile enchantments, extremely stealthy
A: slimy green scales 1, weak 1
a: Potion Petition, Call Merchant, Bribe Branch, Renounce Religion, Evoke
Teleport Control


You were on level 15 of the Dungeon.
You worshipped Gozag.
Gozag was noncommittal.
You were full.

You visited 4 branches of the dungeon, and saw 28 of its levels.
You also visited: Labyrinth, Bailey and Ice Cave.

You collected 11431 gold pieces.
You spent 1394 gold pieces at shops.
You paid 100 gold pieces to Gozag.

Inventory:

Hand weapons
 a - a +9 dagger of draining (weapon)
Missiles
 W - 3 throwing nets (quivered)
Armour
 q - a +0 buckler (worn)
 x - a +1 pair of gloves of dexterity (worn)
 z - a +2 hat of see invisible (worn)
 J - a +0 cloak (worn)
 U - a +2 troll leather armour of cold resistance (worn)
Rods
 g - a +0 rod of destruction (13/13)
   (You took it off a minotaur in a labyrinth)
 i - a +0 rod of clouds (11/11)
   (You found it on level 1 of the Lair of Beasts)
Jewellery
 b - a ring of teleport control (left hand)
 f - the ring "Geithros" {Ice +Blink MR+}
   (You found it on level 4 of the Lair of Beasts)

   [ring of ice]

   It enhances your ice magic, and weakens your fire magic.
   It makes you vulnerable to fire.
   It protects you from cold.
   It affects your resistance to hostile enchantments.
   It lets you blink.
 h - an uncursed ring of protection from fire
 k - a ring of magical power (right hand)
 H - an uncursed ring of positive energy
 L - an uncursed ring of protection from magic
 M - the ring of the Saviour {Wiz rC+}
   (You found it on level 8 of the Dungeon)

   [ring of wizardry]

   It improves your spell success rate.
   It protects you from cold.
 N - an amulet of regeneration (around neck)
 R - an uncursed ring of flight
 Z - an uncursed amulet of resist corrosion
Magical devices
 c - a wand of heal wounds (3)
 l - a wand of heal wounds (8)
 m - a wand of flame (12)
 p - a wand of polymorph (13)
 r - a wand of fire (2)
 w - a wand of lightning (6)
 B - a wand of frost (29)
 K - a wand of teleportation (9)
 X - a wand of disintegration (9)
 Y - a wand of digging (11)
Scrolls
 j - 3 scrolls of summoning
 n - a scroll of blinking
 s - a scroll of fog
 A - 11 scrolls of remove curse
 C - 2 scrolls of recharging
 I - a scroll of vulnerability
 Q - a scroll of holy word
Potions
 e - 5 potions of haste
 t - 2 potions of resistance
 v - 4 potions of heal wounds
 y - 5 potions of brilliance
 D - 16 potions of curing
 F - 2 potions of restore abilities
 G - 2 potions of might
Miscellaneous
 O - a fan of gales
 T - a lamp of fire
Comestibles
 d - 7 bread rations


   Skills:
 + Level 4.6 Fighting
 + Level 8.7 Short Blades
 + Level 0.9 Throwing
 + Level 9.3 Dodging
 + Level 18.4 Stealth
 + Level 3.3 Shields
 + Level 14.7 Spellcasting
 + Level 1.4 Conjurations
 + Level 12.9 Hexes
 + Level 3.5 Charms
   Level 3.1 Summonings
 + Level 0.1 Necromancy
 + Level 0.2 Translocations
 - Level 4.0 Ice Magic
 + Level 4.5 Evocations


You had one spell level left.
You knew the following spells:

 Your Spells              Type           Power        Failure   Level  Hunger
a - Cause Fear            Hex            ######....   1%          4    None
b - Sure Blade            Hex/Chrm       ######....   1%          2    None
c - Ensorcelled Hibernat  Hex/Ice        ######       1%          2    None
d - Infusion              Chrm           #####.       1%          1    None
e - Confuse               Hex            ######..     1%          3    None
f - Shroud of Golubria    Chrm/Tloc      ####......   4%          2    None
g - Dazzling Spray        Conj/Hex       ######..     1%          3    None
h - Enslavement           Hex            ######..     1%          4    None
i - Fulminant Prism       Conj/Hex       ######....   3%          4    None
j - Slow                  Hex            ######..     1%          2    None
k - Invisibility          Hex            ######..     4%          6    ####...
l - Regeneration          Chrm/Necr      ####......   10%         3    None
m - Apportation           Tloc           ###.......   8%          1    None
n - Silence               Hex/Air        ######....   12%         5    ##.....


Dungeon Overview and Level Annotations

Branches:
Dungeon (15/15)            Temple (1/1) D:5            Lair (8/8) D:11
 Shoals (0/5) Lair:4        Snake (0/5) Lair:6        Slime (0/6) Lair:8
    Orc (4/4) D:12            Elf (0/3) Orc:4        Vaults (0/5) D:13
 Depths: D:15

Altars:
Ashenzari
Cheibriados
Dithmenos
Elyvilon
Fedhas
Gozag
Kikubaaqudgha
Makhleb
Nemelex Xobeh
Okawaru
Qazlal
Ru
Sif Muna
Trog
Vehumet
Xom
Yredelemnul
Zin
The Shining One
Beogh
Jiyva

Shops:
D:6 *   D:7 %:=   D:10 }   Orc:4 [([*

Annotations:
D:8 more


Innate Abilities, Weirdness & Mutations

You are partially covered in slimy green scales (AC +2).
You are weak. (Str -2)


Message History

Aim: a cyan ugly thing (chance 55%)
The cyan ugly thing looks drowsy...
The red ugly thing tail-slaps you.
You are engulfed in flames!!
The helpless cyan ugly thing fails to defend itself.
You spit the cyan ugly thing like a pig!!!!!
You kill the cyan ugly thing!
The red ugly thing tail-slaps you.
You are engulfed in flames!!
Casting: Ensorcelled Hibernation
Confirm with . or Enter, or press ? or * to list all spells.
Aiming: Ensorcelled Hibernation
Press: ? - help, Shift-Dir - straight line, f - red ugly thing
Aim: a red ugly thing (chance 55%)
The red ugly thing resists with some effort.
The red ugly thing tail-slaps you!
You are engulfed in flames!!
* * * LOW HITPOINT WARNING * * *
The red ugly thing tail-slaps you.
* * * LOW HITPOINT WARNING * * *
You are engulfed in flames!!
You die...
Your body crumbles into a pile of gold.

#..###....##
#.........###
#..........##
#[..........##
##............#
#.).##...###$.#
#..####..#
##..# #..# #u##
#..# ##.# #@#
.... #.# #.# #.
....# #.# ##.#
#..##### #..#
#..# #..#
#..###..##..# .
#..#......# . #
#.........# .#.
###.......#####
..#
##...........


You could see a red ugly thing.

Vanquished Creatures
  2 orc warlords (Orc:4)
  Maud (D:15)
  A stone giant (Orc:4)
  The ghost of 4thArraOfDagon the Orcish Mishap, a powerful HOVM of Qazlal (D:14)
  Snorg (Lair:3)
  A minotaur (Lab)
  Fannar (D:11)
  Harold (D:11)
  7 hydras
  3 centaur warriors
  Erica (D:11)
  A deep troll shaman (Lair:8)
  8 death yaks
  A catoblepas (Lair:8)
  6 orc high priests (Orc:4)
  A deep elf knight (D:15)
  4 ice devils (IceCv)
  3 unseen horrors
  2 ice statues (IceCv)
  5 hill giants
  9 orc knights
  A wolf spider zombie (D:14)
  3 orc sorcerers (Orc:4)
  A griffon (Lair:7)
  3 cyclopes
  6 ugly things
  2 sirens (Lair:4)
  14 elephants
  A black mamba (shapeshifter) (D:13)
  A torpor snail (shapeshifter) (D:13)
  7 black mambas
  2 gargoyles
  5 komodo dragons
  Psyche (Lair:6)
  7 spiny frogs
  5 yaktaurs (D:13)
  A fire drake (Lair:7)
  4 blue devils (IceCv)
  2 merfolk (Lair:4)
  4 polar bears
  3 trolls
  A red devil (Orc:4)
  3 two-headed ogres (Orc:4)
  6 blink frogs
  A hornet zombie (D:15)
  A centaur simulacrum (D:14)
  2 spriggans (Lair:5)
  A wyvern (D:12)
  A trapdoor spider (D:14)
  25 yaks
  3 basilisks
  4 humans (Lair:6)
  2 shadows
  Eustachio (D:4)
  A chaos spawn (Orc:4)
  Grum (D:11)
  5 vampire mosquitoes (D:13)
  4 wargs (D:8)
  17 wolves
  4 mottled dragons
  9 hippogriffs
  Menkaure (D:4)
  20 water moccasins
  4 sky beasts
  7 nagas
  7 porcupines
  A phantom (D:7)
  A black bear (Lair:8)
  15 ice beasts
  A necrophage (D:12)
  2 eyes of draining
  16 ogres
  46 orc warriors
  Sigmund (D:3)
  27 centaurs
  8 crocodiles
  4 big kobolds
  A wyvern zombie (D:7)
  A water moccasin zombie (D:5)
  Blork the orc (D:5)
  24 giant frogs
  A gnoll sergeant (D:8)
  6 jellies
  3 scorpions
  4 killer bees (D:7)
  4 goliath beetles
  An electric eel (Lair:8)
  18 hounds
  2 crimson imps
  A centaur zombie (D:8)
  4 giant frog skeletons
  10 iguanas
  6 centaur skeletons
  41 orc priests
  31 orc wizards
  25 sheep
  11 worker ants
  A killer bee zombie (D:5)
  Ijyb (D:7)
  A hound skeleton (D:6)
  2 hound zombies
  3 mummies
  26 adders
  7 gnolls (D:8)
  53 river rats
  A shadow imp (D:5)
  2 giant mites
  4 white imps (IceCv)
  3 worms
  8 ufetubi (IceCv)
  5 giant geckos
  An ooze (D:1)
  313 orcs
  2 ball pythons
  22 bats
  A bat skeleton (D:5)
  5 giant cockroaches
  28 goblins
  17 hobgoblins
  10 jackals
  24 kobolds
  A giant gecko zombie (D:5)
  6 giant newts
  3 giant spores
  2 jackal skeletons
  13 quokkas
  18 rats
  10 ballistomycetes
  A plant (D:11)
1175 creatures vanquished.

Vanquished Creatures (collateral kills)
  A death yak (Lair:6)
  An orc knight (Bailey)
  2 orc sorcerers (Orc:4)
  A blue devil (IceCv)
  An ice beast (D:11)
  6 orc warriors
  2 centaurs (Lair:7)
  4 orc wizards
  2 gnolls (Bailey)
  27 orcs
47 creatures vanquished.

Vanquished Creatures (others)
  An orc knight (Bailey)
  A blue devil (IceCv)
  6 orc warriors
  5 fulminant prisms (D:14)
  A centaur (D:12)
  4 chimeras (Lair:6)
  A big kobold (D:14)
  An orc wizard (Orc:4)
  14 hounds
  2 white imps (IceCv)
  3 ufetubi (IceCv)
  An orc (Orc:4)
  2 giant spores (D:8)
  3 fungi
45 creatures vanquished.

Grand Total: 1267 creatures vanquished

Notes
Turn   | Place    | Note
--------------------------------------------------------------
     0 | D:1      | Fusha, the High Elf Enchanter, began the quest for the Orb.
     0 | D:1      | Reached XP level 1. HP: 11/11 MP: 4/4
   619 | D:1      | Reached XP level 2. HP: 15/17 MP: 6/6
   628 | D:1      | Learned a level 2 spell: Sure Blade
   631 | D:1      | Learned a level 2 spell: Ensorcelled Hibernation
  1046 | D:1      | Reached XP level 3. HP: 17/21 MP: 4/8
  2092 | D:2      | Reached XP level 4. HP: 21/27 MP: 12/12
  2256 | D:2      | Reached skill level 4 in Stealth
  2931 | D:3      | Noticed Sigmund
  3357 | D:5      | Entered Level 5 of the Dungeon
  3403 | D:5      | Reached XP level 5. HP: 22/32 MP: 3/14
  3514 | D:5      | Noticed a centaur
  3756 | D:5      | Killed a centaur
  3756 | D:5      | Reached skill level 1 in Ice Magic
  3983 | D:5      | Learned a level 1 spell: Infusion
  3987 | D:5      | Learned a level 3 spell: Confuse
  3990 | D:5      | Learned a level 2 spell: Shroud of Golubria
  4056 | D:5      | Noticed a sky beast
  4070 | D:5      | Reached XP level 6. HP: 26/37 MP: 17/17
  4181 | D:5      | Killed a sky beast
  4181 | D:5      | Reached skill level 1 in Fighting
  4331 | D:5      | Noticed Blork the orc
  4353 | D:5      | Killed Blork the orc
  4436 | D:5      | Reached skill level 5 in Stealth
  4764 | D:5      | Reached XP level 7. HP: 43/43 MP: 15/20
  4904 | D:4      | Noticed Menkaure
  4921 | D:4      | Noticed Eustachio
  5282 | D:3      | Killed Sigmund
  5355 | D:3      | Found a glowing golden altar of the Shining One.
  5589 | D:3      | Reached skill level 6 in Stealth
  5785 | D:3      | Learned a level 3 spell: Dazzling Spray
  5830 | D:3      | Reached skill level 5 in Spellcasting
  6120 | D:4      | Found an iron altar of Okawaru.
  6255 | D:4      | Killed Eustachio
  6255 | D:4      | Reached skill level 5 in Hexes
  6255 | D:4      | Reached XP level 8. HP: 12/48 MP: 22/22
  6680 | D:4      | Killed Menkaure
  6837 | D:4      | Found a glowing golden altar of the Shining One.
  7020 | D:5      | Found a staircase to the Ecumenical Temple.
  7036 | Temple   | Entered the Ecumenical Temple
  7056 | Temple   | Became a worshipper of Gozag Ym Sagoz the Greedy
  7251 | D:5      | Noticed an ogre
  7263 | D:5      | Killed an ogre
  7283 | D:5      | Reached skill level 5 in Dodging
  7392 | D:6      | Reached skill level 7 in Stealth
  7473 | D:6      | Reached skill level 1 in Shields
  7726 | D:6      | Learned a level 4 spell: Enslavement
  7892 | D:6      | Found Wutaf's Serpentskin Sales.
  8163 | D:6      | Reached skill level 8 in Stealth
  8257 | D:7      | Reached XP level 9. HP: 53/53 MP: 22/25
  8361 | D:7      | Found Skig Bua's Book Emporium.
  8387 | D:7      | Noticed Ijyb
  8555 | D:7      | Found Phymnehe's Food Emporium.
  8978 | D:7      | Reached skill level 9 in Stealth
  9142 | D:7      | Found Cakhugg's Jewellery Shoppe.
  9179 | D:7      | Killed Ijyb
  9320 | D:7      | Learned a level 3 spell: Call Canine Familiar
  9439 | D:7      | Bought a +4 ring of intelligence for 324 gold pieces
  9551 | D:8      | Got a twitching silver ring
  9553 | D:8      | Identified the ring of the Saviour {Wiz rC+} (You found it on level 8 of the Dungeon)
  9772 | D:8      | Reached skill level 1 in Summonings
 10617 | D:8      | Reached XP level 10. HP: 46/59 MP: 5/28
 10768 | D:9      | Found a shattered altar of Ashenzari.
 10802 | D:8      | Reached skill level 10 in Stealth
 10860 | D:8      | Noticed an orc sorcerer
 11372 | D:7      | Bought a book of Party Tricks for 800 gold pieces
 11764 | D:10     | Entered Level 10 of the Dungeon
 11826 | D:10     | Found Kloukkei's Quality Used Wands.
 11829 | D:10     | Reached skill level 11 in Stealth
 11839 | D:10     | Learned a level 2 spell: Slow
 11969 | D:10     | Got a heavily runed steel ring
 11971 | D:10     | Identified the ring of Schecw {+/*Tele Int+7} (You found it on level 10 of the Dungeon)
 12173 | D:10     | Noticed a hill giant
 12187 | D:10     | Killed a hill giant
 12912 | D:11     | Noticed Erica
 12914 | D:11     | Killed Erica
 12959 | D:11     | Found a staircase to the Lair.
 12968 | D:11     | Noticed Harold
 13095 | D:11     | Noticed Fannar
 13223 | D:11     | Noticed a hill giant
 13231 | D:11     | Killed a hill giant
 13231 | D:11     | Reached skill level 1 in Charms
 13231 | D:11     | Reached XP level 11. HP: 64/64 MP: 27/30
 13455 | D:11     | Noticed Grum
 13468 | D:11     | Killed Grum
 13493 | D:11     | Found a flagged portal.
 13535 | Bailey   | Entered a bailey
 13743 | Bailey   | Reached skill level 12 in Stealth
 14261 | Bailey   | Reached skill level 1 in Evocations
 14665 | D:11     | Killed Fannar
 14665 | D:11     | Reached skill level 10 in Spellcasting
 14746 | Lair:1   | Entered Level 1 of the Lair of Beasts
 14960 | Lair:1   | Identified a +0 rod of clouds (11/11) (You found it on level 1 of the Lair of Beasts)
 15193 | Lair:1   | Noticed a seven-headed hydra
 15200 | Lair:1   | Killed a seven-headed hydra
 15369 | Lair:1   | Reached skill level 13 in Stealth
 15369 | Lair:1   | Reached XP level 12. HP: 71/71 MP: 32/32
 15377 | Lair:1   | Learned a level 6 spell: Invisibility
 15906 | Lair:2   | Noticed a five-headed hydra
 15913 | Lair:2   | Killed a five-headed hydra
 15913 | Lair:2   | Reached skill level 14 in Stealth
 15913 | Lair:2   | Reached skill level 10 in Hexes
 15920 | Lair:2   | Learned a level 3 spell: Regeneration
 16444 | Lair:3   | Noticed Snorg
 16459 | Lair:3   | Killed Snorg
 16459 | Lair:3   | Reached XP level 13. HP: 59/76 MP: 4/34
 16632 | Lair:3   | Found a staircase to the Snake Pit.
 16760 | Lair:3   | Noticed a seven-headed hydra
 16765 | Lair:3   | Killed a seven-headed hydra
 17110 | Lair:3   | Noticed a five-headed hydra
 17122 | Lair:3   | Killed a five-headed hydra
 17567 | Lair:4   | Got a serpentine steel ring
 17582 | Lair:4   | Identified the ring "Geithros" {Ice +Blink MR+} (You found it on level 4 of the Lair of Beasts)
 17634 | Lair:4   | Found a staircase to the Shoals.
 17894 | Lair:4   | Learned a level 4 spell: Cause Fear
 18863 | Lair:5   | Reached skill level 15 in Stealth
 19680 | Lair:6   | Noticed Psyche
 19693 | Lair:6   | Killed Psyche
 20290 | Lair:6   | Found a staircase to the Snake Pit.
 20327 | Lair:6   | Learned a level 1 spell: Apportation
 20887 | Lair:7   | Reached skill level 16 in Stealth
 20887 | Lair:7   | Reached XP level 14. HP: 81/81 MP: 36/36
 22051 | Lair:7   | Found a radiant altar of Vehumet.
 22165 | Lair:8   | Entered Level 8 of the Lair of Beasts
 22202 | Lair:8   | Found a staircase to the Slime Pits.
 22204 | Lair:8   | Found a viscous altar of Jiyva.
 22912 | Lair:8   | Gained mutation: You are partially covered in slimy green scales (AC +2). [potion of beneficial mutation]
 22913 | Lair:8   | Gained mutation: Your mind is acute. (Int +2) [potion of beneficial mutation]
 23673 | D:11     | Learned a level 4 spell: Fulminant Prism
 23784 | D:11     | Killed Harold
 24200 | D:12     | Found a staircase to the Orcish Mines.
 24403 | D:12     | Identified a scroll of acquirement
 24687 | D:12     | Reached skill level 17 in Stealth
 25594 | D:13     | Found a gate to the Vaults.
 25614 | D:13     | Noticed a golden dragon
 25614 | D:13     | an alligator snapping turtle changed into a golden dragon
 25806 | Orc:1    | Entered Level 1 of the Orcish Mines
 25940 | Orc:1    | Found a roughly hewn altar of Beogh.
 26270 | Orc:2    | Found a frozen archway.
 26351 | IceCv    | Entered an ice cave
 26583 | IceCv    | Reached XP level 15. HP: 54/90 MP: 33/37
 29311 | Orc:4    | Entered Level 4 of the Orcish Mines
 29997 | Orc:4    | Found a roughly hewn altar of Beogh.
 30012 | Orc:4    | Found Ynwapora's Armour Boutique.
 30046 | Orc:4    | Bought a +1 pair of gloves of dexterity for 214 gold pieces
 30062 | Orc:4    | Found Jinwosac's Weapon Shop.
 30746 | Orc:4    | Learned a level 5 spell: Silence
 30924 | Orc:4    | Found a roughly hewn altar of Beogh.
 31199 | Orc:4    | Found Ygolohy's General Store.
 31247 | Orc:4    | Bought a scroll of identify for 28 gold pieces
 31247 | Orc:4    | Bought a scroll of identify for 28 gold pieces
 31302 | Orc:4    | Reached skill level 18 in Stealth
 31606 | Orc:4    | Found Klim's Armour Shop.
 31823 | Orc:4    | Found a staircase to the Elven Halls.
 32717 | D:14     | Found a labyrinth entrance.
 32736 | D:14     | Noticed 4thArraOfDagon's ghost (powerful HOVM)
 32773 | Lab      | Entered a labyrinth
 33367 | Lab      | Identified Lodauxis' Reference Book on Bewitchment and Flight (You found it in a labyrinth)
 33387 | D:14     | Reached skill level 1 in Conjurations
 33388 | D:14     | Identified a +0 rod of destruction (12/13) (You took it off a minotaur in a labyrinth)
 33399 | D:14     | Lost mutation: Your mind is acute. (Int +2) [helix card]
 33643 | D:14     | Hired Qaew the big kobold for 103 gold.
 33814 | D:14     | Your ally Qaew died
 33824 | D:14     | Found a roughly hewn altar of Beogh.
 33975 | D:14     | Killed 4thArraOfDagon's ghost
 34046 | D:14     | Gained mutation: You are weak. (Str -2) [helix card]
 34277 | D:15     | Entered Level 15 of the Dungeon
 34787 | D:15     | Noticed Maud
 34800 | D:15     | Killed Maud
 34836 | D:15     | Mangled by a red ugly thing

Action                   |  1- 3 |  4- 6 |  7- 9 | 10-12 | 13-15 || total
-------------------------+-------+-------+-------+-------+-------++-------
Melee: Dagger            |    22 |    33 |   290 |   331 |  1444 ||  2120
       Short sword       |   100 |    89 |       |       |       ||   189
Throw: Stone             |    10 |       |       |       |       ||    10
       Throwing net      |       |       |       |       |     2 ||     2
 Cast: Corona            |    10 |     8 |       |       |       ||    18
       Sure Blade        |     8 |     9 |       |     3 |    59 ||    79
       Ensorcelled Hiber |     2 |    31 |   151 |   154 |   361 ||   699
       Confuse           |       |     3 |    41 |    30 |   135 ||   209
       Call Canine Famil |       |       |       |    18 |     4 ||    22
       Infusion          |       |       |       |     1 |    20 ||    21
       Enslavement       |       |       |       |     7 |    18 ||    25
       Shroud of Golubri |       |       |       |     3 |     4 ||     7
       Slow              |       |       |       |     1 |     2 ||     3
       Dazzling Spray    |       |       |       |       |   113 ||   113
       Invisibility      |       |       |       |       |     8 ||     8
       Fulminant Prism   |       |       |       |       |     5 ||     5
       Cause Fear        |       |       |       |       |     1 ||     1
       Regeneration      |       |       |       |       |     1 ||     1
 Abil: Evoke Flight      |       |       |       |       |     2 ||     2
Evoke: Wand              |       |       |       |    24 |     7 ||    31
       Box of beasts     |       |       |       |       |    10 ||    10
       Rod               |       |       |       |       |     7 ||     7
       Deck              |       |       |       |       |     4 ||     4
       Phantom mirror    |       |       |       |       |     2 ||     2
       Lamp of fire      |       |       |       |       |     1 ||     1
  Use: Scroll            |     4 |     2 |     8 |    15 |    23 ||    52
       Potion            |       |     2 |       |     6 |    15 ||    23
 Stab: Distracted        |     1 |       |       |     3 |    16 ||    20
       Sleeping          |     4 |    17 |   108 |   115 |   297 ||   541
       Confused          |       |     2 |    33 |    10 |    68 ||   113
       Invisible         |       |       |       |       |    70 ||    70
       Held in net/web   |       |       |       |       |     1 ||     1
       Paralysed         |       |       |       |       |     1 ||     1
       Betrayed ally     |       |       |       |       |     1 ||     1
  Eat: Beef jerky        |     2 |     1 |     1 |     1 |     2 ||     7
       Fruit             |     2 |       |    10 |    14 |    10 ||    36
       Meat ration       |       |     1 |     2 |       |     6 ||     9
       Bread ration      |       |     1 |     1 |       |     7 ||     9
       Pizza             |       |       |       |       |     2 ||     2
       Royal jelly       |       |       |       |       |     1 ||     1
